3L
CAPITAL DISTRICT RED KNIGHTS @ CHICAGO HAWKS
08/31/2026
 
TOP OF THE 1ST
Capital District Red Knights batting - Pitching for Chicago Hawks : RHP José Guzmán
Pitching: RHP José Guzmán
Batting: RHB Danilo Mosca 0-0: Swinging Strike
0-1: Fly out, F8 (Line Drive, 8LXD)
Batting: LHB Francisco Sánchez 0-0: Ball
1-0: Foul Ball, location: 2F
1-1: Ball
2-1: Foul Ball, location: 2F
2-2: Ground out U3 (Groundball, 34)
Batting: RHB Sergio Ortíz 0-0: Ball
1-0: Called Strike
1-1: Ball
2-1: SINGLE (Groundball, 4MD)
Batting: RHB Chris Costa 0-0: Ball
1-0: Hit by Pitch
Sergio Ortíz to second
Batting: RHB José Paz 0-0: Ball
1-0: Fielders Choice at 2nd, 6-4 (Groundball, 6)
Top of the 1st over - 0 run(s), 1 hit(s), 0 error(s), 1 left on base; Capital District 0 - Chicago 0
BOTTOM OF THE 1ST
Chicago Hawks batting - Pitching for Capital District Red Knights : LHP Luis Peña
Pitching: LHP Luis Peña
Batting: SHB Javier Gonzáles 0-0: Ball
1-0: Swinging Strike
1-1: Called Strike
1-2: Foul Ball, location: 2F
1-2: Strikes out swinging
Batting: SHB Evan Adams 0-0: Ground out 5-3 (Groundball, 25)
Batting: RHB Robbie Roach 0-0: DOUBLE (Flyball, 7D)
Batting: LHB Raúl Aguirre 0-0: Ball
1-0: Swinging Strike
1-1: Fly out, F9 (Line Drive, 9D)
Bottom of the 1st over - 0 run(s), 1 hit(s), 0 error(s), 1 left on base; Capital District 0 - Chicago 0
TOP OF THE 2ND
Capital District Red Knights batting - Pitching for Chicago Hawks : RHP José Guzmán
Batting: SHB Zuberi Mccray 0-0: Ball
1-0: Fly out, F8 (Line Drive, 8RM)
Batting: RHB Alfonso Enríquez 0-0: Ball
1-0: Ground out 6-3 (Groundball, 6)
Batting: SHB Bernardo Hernández 0-0: Called Strike
0-1: Ball
1-1: Ground out 6-3 (Groundball, 6MD)
Top of the 2nd over - 0 run(s), 0 hit(s), 0 error(s), 0 left on base; Capital District 0 - Chicago 0
BOTTOM OF THE 2ND
Chicago Hawks batting - Pitching for Capital District Red Knights : LHP Luis Peña
Batting: RHB Vincente Rotham 0-0: Ball
1-0: Swinging Strike
1-1: Foul Ball, location: 2F
1-2: Foul Ball, location: 2F
1-2: Strikes out looking
Batting: LHB Scott Janousek 0-0: Called Strike
0-1: Swinging Strike
0-2: Ball
1-2: Ball
2-2: Ball
3-2: Strikes out looking
Batting: RHB Pablo Trujillo 0-0: Ball
1-0: Ball
2-0: Ground out 1-3 (Groundball, 13)
Bottom of the 2nd over - 0 run(s), 0 hit(s), 0 error(s), 0 left on base; Capital District 0 - Chicago 0
TOP OF THE 3RD
Capital District Red Knights batting - Pitching for Chicago Hawks : RHP José Guzmán
Batting: LHB Arturo Hernández 0-0: Called Strike
0-1: Ball
1-1: Ball
2-1: Foul Ball, location: 2F
2-2: Strikes out swinging
Batting: RHB Danilo Mosca 0-0: Fly out, F8 (Flyball, 78M)
Batting: LHB Francisco Sánchez 0-0: Called Strike
0-1: Called Strike
0-2: Foul Ball, location: 2F
0-2: Ground out 4-3 (Groundball, 4)
Top of the 3rd over - 0 run(s), 0 hit(s), 0 error(s), 0 left on base; Capital District 0 - Chicago 0
BOTTOM OF THE 3RD
Chicago Hawks batting - Pitching for Capital District Red Knights : LHP Luis Peña
Batting: LHB Dong-hee Chon 0-0: DOUBLE (Flyball, 9LD)
Batting: RHB Pedro Longoria 0-0: Ball
1-0: Foul Ball, location: 2F
1-1: Called Strike
1-2: Strikes out swinging
Batting: SHB Javier Gonzáles 0-0: Called Strike
0-1: Called Strike
0-2: Foul Ball, location: 2F
0-2: Fly out, F9 (Line Drive, 9LS)
Batting: SHB Evan Adams 0-0: Called Strike
0-1: Ball
1-1: Ground out 3-1 (Groundball, 34)
Bottom of the 3rd over - 0 run(s), 1 hit(s), 0 error(s), 1 left on base; Capital District 0 - Chicago 0
TOP OF THE 4TH
Capital District Red Knights batting - Pitching for Chicago Hawks : RHP José Guzmán
Batting: RHB Sergio Ortíz 0-0: Ball
1-0: Called Strike
1-1: Foul Ball, location: 2F
1-2: Strikes out swinging
Batting: RHB Chris Costa 0-0: Called Strike
0-1: Swinging Strike
0-2: Ball
1-2: Foul Ball, location: 2F
1-2: Foul Ball, location: 2F
1-2: Ground out 6-3 (Groundball, 6)
Batting: RHB José Paz 0-0: Called Strike
0-1: Ball
1-1: Ground out 5-3 (Groundball, 5S)
Top of the 4th over - 0 run(s), 0 hit(s), 0 error(s), 0 left on base; Capital District 0 - Chicago 0
BOTTOM OF THE 4TH
Chicago Hawks batting - Pitching for Capital District Red Knights : LHP Luis Peña
Batting: RHB Robbie Roach 0-0: Ball
1-0: Foul Ball, location: 2F
1-1: Swinging Strike
1-2: Ball
2-2: Ball
3-2: Foul Ball, location: 2F
3-2: Ground out 3-1 (Groundball, 34)
Batting: LHB Raúl Aguirre 0-0: Ball
1-0: Called Strike
1-1: Foul Ball, location: 2F
1-2: Foul Ball, location: 2F
1-2: Foul Ball, location: 2F
1-2: Foul Ball, location: 2F
1-2: Strikes out swinging
Batting: RHB Vincente Rotham 0-0: Ball
1-0: Ball
2-0: Foul Ball, location: 2F
2-1: Foul Ball, location: 2F
2-2: Foul Ball, location: 2F
2-2: Fly out, F8 (Flyball, 8RM)
Bottom of the 4th over - 0 run(s), 0 hit(s), 0 error(s), 0 left on base; Capital District 0 - Chicago 0
TOP OF THE 5TH
Capital District Red Knights batting - Pitching for Chicago Hawks : RHP José Guzmán
Batting: SHB Zuberi Mccray 0-0: Called Strike
0-1: Foul Ball, location: 2F
0-2: Ball
1-2: Ball
2-2: Ball
3-2: Fly out, F3 (Line Drive, 3)
Batting: RHB Alfonso Enríquez 0-0: SINGLE (Line Drive, 6M)
Batting: SHB Bernardo Hernández 0-0: Ball
1-0: Ball
2-0: Foul Ball, location: 2F
2-1: Ground out U3 (Groundball, 3S)
Alfonso Enríquez to second
Batting: LHB Arturo Hernández 0-0: Ball
1-0: Ground out 4-3 (Groundball, 34D)
Top of the 5th over - 0 run(s), 1 hit(s), 0 error(s), 1 left on base; Capital District 0 - Chicago 0
BOTTOM OF THE 5TH
Chicago Hawks batting - Pitching for Capital District Red Knights : LHP Luis Peña
Batting: LHB Scott Janousek 0-0: Ball
1-0: Foul Ball, location: 2F
1-1: Ball
2-1: Ball
3-1: Foul Ball, location: 2F
3-2: Strikes out swinging
Batting: RHB Pablo Trujillo 0-0: Called Strike
0-1: Ball
1-1: Foul Ball, location: 2F
1-2: Ball
2-2: Ball
3-2: Foul Ball, location: 2F
3-2: Base on Balls
Batting: LHB Dong-hee Chon 0-0: Fly out, F9 (Flyball, 9D)
Batting: RHB Pedro Longoria 0-0: Ball
1-0: Swinging Strike
1-1: Fly out, F4 (Popup, 4)
Bottom of the 5th over - 0 run(s), 0 hit(s), 0 error(s), 1 left on base; Capital District 0 - Chicago 0
TOP OF THE 6TH
Capital District Red Knights batting - Pitching for Chicago Hawks : RHP José Guzmán
Batting: RHB Danilo Mosca 0-0: Called Strike
0-1: Swinging Strike
0-2: Foul Ball, location: 2F
0-2: Ball
1-2: Ball
2-2: Ball
3-2: Fly out, F7 (Flyball, 7S)
Batting: LHB Francisco Sánchez 0-0: Called Strike
0-1: Fly out, F8 (Line Drive, 78D)
Batting: RHB Sergio Ortíz 0-0: Ball
1-0: Ball
2-0: Ball
3-0: Called Strike
3-1: Base on Balls
Batting: RHB Chris Costa 0-0: Called Strike
0-1: Swinging Strike
0-2: Ball
1-2: Foul Ball, location: 2F
1-2: Fielders Choice at 2nd, 5-4 (Groundball, 56)
Top of the 6th over - 0 run(s), 0 hit(s), 0 error(s), 0 left on base; Capital District 0 - Chicago 0
BOTTOM OF THE 6TH
Chicago Hawks batting - Pitching for Capital District Red Knights : LHP Luis Peña
Batting: SHB Javier Gonzáles 0-0: Foul Ball, location: 2F
0-1: Foul Ball, location: 2F
0-2: Ball
1-2: Ball
2-2: Ball
3-2: Ground out 4-3 (Groundball, 4)
Batting: SHB Evan Adams 0-0: Called Strike
0-1: Ball
1-1: Fly out, F3 (Line Drive, 3)
Batting: RHB Robbie Roach 0-0: Called Strike
0-1: Ball
1-1: Foul Ball, location: 2F
1-2: Ball
2-2: Ball
3-2: Foul Ball, location: 2F
3-2: Foul Ball, location: 2F
3-2: Foul Ball, location: 2F
3-2: Fly out, F7 (Line Drive, 78D)
Bottom of the 6th over - 0 run(s), 0 hit(s), 0 error(s), 0 left on base; Capital District 0 - Chicago 0
TOP OF THE 7TH
Capital District Red Knights batting - Pitching for Chicago Hawks : RHP José Guzmán
Batting: RHB José Paz 0-0: Ball
1-0: Ball
2-0: Ball
3-0: Called Strike
3-1: Foul Ball, location: 2F
3-2: Ground out 1-3 (Groundball, P)
Batting: SHB Zuberi Mccray 0-0: Foul Ball, location: 2F
0-1: Ball
1-1: Foul Ball, location: 2F
1-2: Ball
2-2: Strikes out looking
Batting: RHB Alfonso Enríquez 0-0: Ball
1-0: Swinging Strike
1-1: Foul Ball, location: 2F
1-2: Strikes out looking
Top of the 7th over - 0 run(s), 0 hit(s), 0 error(s), 0 left on base; Capital District 0 - Chicago 0
BOTTOM OF THE 7TH
Chicago Hawks batting - Pitching for Capital District Red Knights : LHP Luis Peña
Batting: LHB Raúl Aguirre 0-0: Ball
1-0: Ground out 1-3 (Groundball, 13)
Batting: RHB Vincente Rotham 0-0: Swinging Strike
0-1: Ball
1-1: Foul Ball, location: 2F
1-2: Ball
2-2: Strikes out swinging
Batting: LHB Scott Janousek 0-0: Ball
1-0: Ball
2-0: Called Strike
2-1: Swinging Strike
2-2: Strikes out swinging
Bottom of the 7th over - 0 run(s), 0 hit(s), 0 error(s), 0 left on base; Capital District 0 - Chicago 0
TOP OF THE 8TH
Capital District Red Knights batting - Pitching for Chicago Hawks : RHP José Guzmán
Batting: SHB Bernardo Hernández 0-0: Ball
1-0: Ball
2-0: Fly out, F7 (Flyball, 7LM)
Batting: LHB Arturo Hernández 0-0: Called Strike
0-1: Ground out 4-3 (Groundball, 4)
Batting: RHB Danilo Mosca 0-0: Ball
1-0: Fly out, F9 (Flyball, 9S)
Top of the 8th over - 0 run(s), 0 hit(s), 0 error(s), 0 left on base; Capital District 0 - Chicago 0
BOTTOM OF THE 8TH
Chicago Hawks batting - Pitching for Capital District Red Knights : LHP Luis Peña
Batting: RHB Pablo Trujillo 0-0: Fly out, F8 (Flyball, 8LM)
Batting: LHB Dong-hee Chon 0-0: Ball
1-0: Foul Ball, location: 2F
1-1: Ground out U3 (Groundball, 3L)
Batting: RHB Pedro Longoria 0-0: Ball
1-0: Ball
2-0: Called Strike
2-1: Foul Ball, location: 2F
2-2: Ball
3-2: Foul Ball, location: 2F
3-2: Strikes out swinging
Bottom of the 8th over - 0 run(s), 0 hit(s), 0 error(s), 0 left on base; Capital District 0 - Chicago 0
TOP OF THE 9TH
Capital District Red Knights batting - Pitching for Chicago Hawks : RHP José Guzmán
Batting: LHB Francisco Sánchez 0-0: Called Strike
0-1: Foul Ball, location: 2F
0-2: Strikes out swinging
Batting: RHB Sergio Ortíz 0-0: Called Strike
0-1: Foul Ball, location: 2F
0-2: Ball
1-2: Strikes out looking
Batting: RHB Chris Costa 0-0: Ball
1-0: Called Strike
1-1: Ground out 5-3 (Groundball, 56)
Top of the 9th over - 0 run(s), 0 hit(s), 0 error(s), 0 left on base; Capital District 0 - Chicago 0
BOTTOM OF THE 9TH
Chicago Hawks batting - Pitching for Capital District Red Knights : LHP Luis Peña
Batting: SHB Javier Gonzáles 0-0: SINGLE (Groundball, 56D)
Batting: SHB Evan Adams 0-0: Sac Bunt - play at first, batter OUT! 3-4
Javier Gonzáles to second
Batting: RHB Robbie Roach 0-0: Intentional Walk
Pitching: RHP Oswaldo Mobray
Batting: LHB Raúl Aguirre 0-0: Fly out, F8 (Flyball, 8LM)
Batting: RHB Vincente Rotham 0-0: Foul Ball, location: 2F
0-1: Called Strike
0-2: Fly out, F9 (Flyball, 9LS)
Bottom of the 9th over - 0 run(s), 1 hit(s), 0 error(s), 2 left on base; Capital District 0 - Chicago 0
TOP OF THE 10TH
Capital District Red Knights batting - Pitching for Chicago Hawks : RHP José Guzmán
Batting: RHB José Paz 0-0: Ball
1-0: Foul Ball, location: 2F
1-1: Ball
2-1: Ball
3-1: Called Strike
3-2: Fly out, F4 (Line Drive, 4)
Pitching: RHP Santiago Maes
Pinch Hitting: LHB Mike Cook 0-0: Called Strike
0-1: Ball
1-1: Ball
2-1: SINGLE (Flyball, 7S)
Pinch Hitting: LHB Eric Porter 0-0: Called Strike
0-1: Ball
1-1: Foul Ball, location: 2F
1-2: Strikes out swinging
Batting: SHB Bernardo Hernández 0-0: Foul Ball, location: 2F
0-1: SINGLE (Flyball, 8RS)
Mike Cook to second
Runner from 2nd tries for 3rd, SAFE, throw made to third
Bernardo Hernández to second
Batting: LHB Arturo Hernández 0-0: Called Strike
0-1: Ball
1-1: Ball
2-1: Ball
3-1: Foul Ball, location: 2F
3-2: Ground out 3-1 (Groundball, 34)
Top of the 10th over - 0 run(s), 2 hit(s), 0 error(s), 2 left on base; Capital District 0 - Chicago 0
BOTTOM OF THE 10TH
Chicago Hawks batting - Pitching for Capital District Red Knights : RHP Oswaldo Mobray
Now at C: Eric Porter
Now in RF: Reggie Kahn
Batting: LHB Scott Janousek 0-0: Fly out, F7 (Flyball, 78M)
Batting: RHB Pablo Trujillo 0-0: Foul Ball, location: 2F
0-1: Ball
1-1: SINGLE (Groundball, 6D)
Batting: LHB Dong-hee Chon 0-0: Ball
1-0: Ball
2-0: SINGLE (Flyball, 8RS)
Pablo Trujillo to second
Pinch Hitting: LHB Mike Pace 0-0: Ball
1-0: Grounds into double play, 6-4-3 (Groundball, 6M)
Bottom of the 10th over - 0 run(s), 2 hit(s), 0 error(s), 1 left on base; Capital District 0 - Chicago 0
TOP OF THE 11TH
Capital District Red Knights batting - Pitching for Chicago Hawks : RHP Santiago Maes
Now at 2B: Lorenzo Sabastro
Batting: RHB Danilo Mosca 0-0: Called Strike
0-1: Called Strike
0-2: Ball
1-2: Ball
2-2: Strikes out looking
Batting: LHB Francisco Sánchez 0-0: Ball
1-0: SINGLE (Flyball, 9LM)
Batting: RHB Sergio Ortíz 0-0: Foul Ball, location: 2F
0-1: Ball
1-1: Grounds into double play, 4-6-3 (Groundball, 4)
Top of the 11th over - 0 run(s), 1 hit(s), 0 error(s), 0 left on base; Capital District 0 - Chicago 0
BOTTOM OF THE 11TH
Chicago Hawks batting - Pitching for Capital District Red Knights : RHP Oswaldo Mobray
Batting: SHB Javier Gonzáles 0-0: Foul Ball, location: 2F
0-1: SINGLE (Line Drive, 78S)
Batting: SHB Evan Adams 0-0: Ball
1-0: Called Strike
1-1: Sac Bunt - play at first, batter OUT! 3-4
Javier Gonzáles to second
Batting: RHB Robbie Roach 0-0: Ground out 6-3 (Groundball, 6)
Javier Gonzáles to third
Batting: LHB Raúl Aguirre 0-0: Ball
1-0: Ball
2-0: Ball
3-0: Base on Balls
Batting: RHB Vincente Rotham 0-0: Ground out 4-3 (Groundball, 4S)
Bottom of the 11th over - 0 run(s), 1 hit(s), 0 error(s), 2 left on base; Capital District 0 - Chicago 0
TOP OF THE 12TH
Capital District Red Knights batting - Pitching for Chicago Hawks : RHP Santiago Maes
Batting: RHB Chris Costa 0-0: Ball
1-0: Called Strike
1-1: Swinging Strike
1-2: Ball
2-2: DOUBLE (Flyball, 8LXD)
Batting: RHB José Paz 0-0: Ground out 6-3 (Groundball, 6S)
Chris Costa to third
Pitching: RHP Shi-lin Li
Batting: RHB Reggie Kahn 0-0: Foul Ball, location: 2F
0-1: Ball
1-1: Ball
2-1: Ball
3-1: Base on Balls
Batting: LHB Eric Porter 0-0: Foul Ball, location: 2F
0-1: Ball
1-1: Ball
2-1: SINGLE (Flyball, 6MD)
Chris Costa scores
Reggie Kahn to second
Batting: SHB Bernardo Hernández 0-0: Ball
1-0: Fielders Choice at 2nd, 4-6 (Groundball, 4)
Reggie Kahn to third
Batting: LHB Arturo Hernández 0-0: Foul Ball, location: 2F
0-1: Ball
1-1: Ball
2-1: Ball
3-1: Base on Balls
Bernardo Hernández to second
Batting: RHB Danilo Mosca 0-0: Ball
1-0: Called Strike
1-1: Foul Ball, location: 2F
1-2: Ball
2-2: Strikes out looking
Top of the 12th over - 1 run(s), 2 hit(s), 0 error(s), 3 left on base; Capital District 1 - Chicago 0
BOTTOM OF THE 12TH
Chicago Hawks batting - Pitching for Capital District Red Knights : RHP Oswaldo Mobray
Pitching: LHP Miguel Toro
Batting: LHB Scott Janousek 0-0: Ball
1-0: Called Strike
1-1: Foul Ball, location: 2F
1-2: Strikes out swinging
Batting: RHB Pablo Trujillo 0-0: Foul Ball, location: 2F
0-1: Ball
1-1: Ball
2-1: Ground out 5-3 (Groundball, 56S)
Batting: LHB Dong-hee Chon 0-0: Swinging Strike
0-1: Foul Ball, location: 2F
0-2: Ball
1-2: Foul Ball, location: 2F
1-2: Strikes out swinging
Bottom of the 12th over - 0 run(s), 0 hit(s), 0 error(s), 0 left on base; Capital District 1 - Chicago 0
Monday, March 20th, 2017 - OOTP Baseball 17.12 Build 75